 Dungeon Crawl Stone Soup version 0.30-a0-439-g9e77e4d916 (webtiles) character file.

Game seed: 13797218568574199032

19629 funkygono the Thaumaturge (level 12, -18/81 HPs)
             Began as a Demonspawn Fire Elementalist on Dec 10, 2022.
             Was a Priest of Kikubaaqudgha.
             Demolished by a komodo dragon (22 damage)
             ... on level 1 of the Lair of Beasts.
             The game lasted 00:34:44 (12005 turns).

funkygono the Thaumaturge (DsFE)                   Turns: 12005, Time: 00:34:45

Health: -18/81     AC:  3    Str:  9    XL:     12   Next: 38%
Magic:  0/28       EV: 14    Int: 26    God:    Kikubaaqudgha [***...]
Gold:   2357       SH:  0    Dex: 15    Spells: 17/35 levels left

rFire   + + .      SeeInvis .    o - +6 falchion of the Hierophant {vamp, +Blink rElec rF+ Will-}
rCold   + . .      Faith    .    (no shield)
rNeg    . . .      Spirit   +    E - +2 robe {rF+}
rPois   .          Reflect  .    (helmet restricted)
rElec   +          Harm     .    Q - +2 cloak
rCorr   .          Rampage  .    (no gloves)
Will    +....                    u - +1 pair of boots "Satov" {rC+ Will++}
Stlth   ++........               N - amulet of regeneration
HPRegen 1.13/turn                K - +4 ring of protection
MPRegen 0.42/turn                C - +6 ring of intelligence

@: corroded
A: antennae 2, foul stench 2, magic shield, magic regeneration, magic link,
sharp scales 2
a: Renounce Religion, Evoke Blink, Unearth Wretches


You were on level 1 of the Lair of Beasts.
You worshipped Kikubaaqudgha.
Kikubaaqudgha was most pleased with you.
You visited 3 branches of the dungeon, and saw 13 of its levels.
You also visited: Sewer and Bailey.

You collected 3221 gold pieces.
You spent 864 gold pieces at shops.

Inventory:

Hand Weapons
 m - a +1 triple sword of draining
 o - the +6 falchion of the Hierophant (weapon) {vamp, +Blink rElec rF+ Will-}
   (You found it in a sewer)

   It occasionally heals its wielder for a portion of the damage dealt when it
   wounds a living foe.
   rF:        It protects you from fire.
   rElec:     It insulates you from electricity.
   +Blink:    It lets you blink.
   Will:      It decreases your willpower.
 M - a +4 scimitar of flaming
Missiles
 V - a throwing net
Armour
 b - a +1 robe of willpower
 u - the +1 pair of boots "Satov" (worn) {rC+ Will++}
   (You acquired it on level 4 of the Dungeon)

   rC:        It protects you from cold.
   Will:      It greatly increases your willpower.
 E - a +2 robe of fire resistance (worn)
 Q - a +2 cloak (worn)
Jewellery
 g - a ring of magical power
 l - a ring of protection from fire
 q - a +4 ring of evasion
 C - a +6 ring of intelligence (right hand)
 K - a +4 ring of protection (left hand)
 N - an amulet of regeneration (around neck)
 X - a ring of flight
Wands
 f - a wand of roots (2)
 w - a wand of digging (4)
 B - a wand of flame (47)
 U - a wand of acid (3)
Scrolls
 d - 4 scrolls of enchant armour
 k - 4 scrolls of amnesia
 t - 3 scrolls of teleportation
 A - a scroll of fog
 G - a scroll of blinking
 H - a scroll of summoning
 L - 2 scrolls of magic mapping
 S - 2 scrolls of identify
Potions
 a - 2 potions of resistance
 e - 6 potions of might
 i - 9 potions of curing
 j - a potion of invisibility
 n - 2 potions of cancellation
 v - 3 potions of heal wounds
 z - 2 potions of flight
 J - 3 potions of mutation
 O - a potion of magic
 P - a potion of haste
 R - 3 potions of ambrosia
 Y - a potion of brilliance


   Skills:
 + Level 3.3 Fighting
 + Level 4.7 Long Blades
 + Level 0.4 Maces & Flails
 + Level 5.4 Dodging
 - Level 1.7 Stealth
 + Level 12.1 Spellcasting
 + Level 8.1 Conjurations
 + Level 2.6 Necromancy
 + Level 10.4 Fire Magic


You had 17 spell levels left.
You knew the following spells:

 Your Spells              Type           Power      Damage    Failure   Level
a - Foxfire               Conj/Fire      100%       2x1d9     1%          1
b - Scorch                Fire           100%       2d10      1%          2
c - Kindle Blastsparks    Fire/Tloc/Air  66%        2d15      2%          3
d - Flame Wave            Conj/Fire      59%        2d14      1%          4
e - Kiss of Death         Conj/Necr      100%       2d13      1%          1
f - Necrotise             Necr           100%       1d9       1%          1
g - Searing Ray           Conj           100%       2d8       1%          2
h - Dispel Undead         Necr           29%        3d13      12%         4

Your spell library contained the following spells:

 Spells                   Type           Power      Damage    Failure   Level
 Magic Dart               Conj           100%       1d8       1%          1
 Sublimation of Blood     Necr           29%        N/A       1%          2
 Inner Flame              Hex/Fire       42%        N/A       1%          3
 Cigotuvi's Dreadful Rot  Necr/Pois/Air  40%        N/A       4%          2
 Fulminant Prism          Conj/Hex       18%        3d10      7%          4
 Anguish                  Hex/Necr       11%        N/A       22%         4
 Agony                    Necr           29%        N/A       34%         5
 Borgnjor's Vile Clutch   Necr/Erth      11%        N/A       52%         5
 Simulacrum               Ice/Necr       11%        N/A       97%         6


Dungeon Overview and Level Annotations

Branches:
Dungeon (11/15)            Temple (1/1) D:7            Lair (1/5) D:11
    Orc (0/2) D:9           Sewer (visited)          Bailey (visited)

Altars:
Ashenzari
Cheibriados
Dithmenos
Fedhas
Gozag
Hepliaklqana
Kikubaaqudgha
Makhleb
Nemelex Xobeh
Okawaru
Qazlal
Ru
Sif Muna
Trog
Uskayaw
Vehumet
Wu Jian
Xom
Yredelemnul

Shops:
D:7 =

Annotations:
D:5 2 transporters, Sapher's ghost, amateur DgEE
Lair:1 exclusion: 2 oklob plants


Innate Abilities, Weirdness & Mutations

You have a pair of antennae on your head.
You sometimes emit foul miasma when damaged in melee.
When hurt, damage is shared between your health and your magic reserves.
You regenerate magic rapidly.
When low on magic, you restore magic in place of health.
You are mostly covered in razor-sharp scales. (AC +2, Slay +2)


Message History

You conjure some foxfire!
The foxfire hits the komodo dragon but does no damage.
The foxfire hits the komodo dragon.
The komodo dragon is lightly wounded.
Casting: Foxfire (safe; 1% risk of failure)
Confirm with . or Enter, or press ? or * to list all spells.
You conjure some foxfire!
The foxfire hits the komodo dragon!
The komodo dragon is lightly wounded.
The foxfire hits the komodo dragon.
The komodo dragon is moderately wounded.
Unknown command.
Casting: Foxfire (safe; 1% risk of failure)
Confirm with . or Enter, or press ? or * to list all spells.
You conjure some foxfire!
The foxfire hits the komodo dragon.
The komodo dragon is moderately wounded.
The foxfire hits the komodo dragon.
The komodo dragon is heavily wounded.
Unknown command.
Casting: Foxfire (safe; 1% risk of failure)
Confirm with . or Enter, or press ? or * to list all spells.
Flames lash the komodo dragon.
The komodo dragon is severely wounded.
The komodo dragon's fire resistance burns away.
The foxfire hits the komodo dragon.
The komodo dragon is burned terribly!
The komodo dragon is severely wounded.
The foxfire hits the komodo dragon.
The komodo dragon is burned terribly!
The komodo dragon is severely wounded.
Casting: Scorch (safe; 1% risk of failure)
Confirm with . or Enter, or press ? or * to list all spells.
Flames lash the komodo dragon.
The komodo dragon is burned terribly!
The komodo dragon is almost dead.
The komodo dragon barely misses you.
Unknown command.
Casting: Scorch (safe; 1% risk of failure)
Confirm with . or Enter, or press ? or * to list all spells.
Flames lash the komodo dragon.
The komodo dragon is burned terribly!
The komodo dragon is almost dead.
The komodo dragon bites you!!
You die...
Kikubaaqudgha rasps: "You have failed me!
Welcome... death!"

#....$.....P......
#......[.>.......#
#.............$!.#
#.........!......#
#................#
#................#
##..............#
#..!..l........#
........@......##
...............#
...#.P.##....###
...+.## #.....# #.
+....?# # #....##
.#+.## ##


You could see a komodo dragon (combustible).

Vanquished Creatures
  7 two-headed ogres
  Erica (D:7)
  Pikel (D:5)
  2 oklob plants
  Maurice (D:8)
  2 black mambas (Lair:1)
  The ghost of SlaveLabor the Conjurer, a novice DrCj (D:6)
  A gargoyle (D:10)
  A komodo dragon (D:7)
  2 kobold demonologists (D:11)
  A troll (D:11)
  Grinder (D:5)
  A vampire (D:10)
  18 yaks
  A wyvern (D:7)
  A human (D:11)
  A wraith (D:10)
  4 steam dragons
  4 vampire mosquitoes (D:11)
  Edmund (D:5)
  An acid dragon (D:11)
  3 water moccasins
  A floating eye (Lair:1)
  15 orc warriors
  5 black bears
  2 ice beasts
  A sky beast (D:8)
  An ogre (D:6)
  12 centaurs
  2 phantoms (D:7)
  2 lemures (D:5)
  6 kobold brigands
  5 bullfrogs
  4 gnoll sergeants
  A scorpion (D:6)
  A necrophage (D:11)
  6 wights
  5 howler monkeys
  A crimson imp (D:11)
  8 orc priests
  A gnoll bouda (D:10)
  A jelly (D:6)
  3 hounds
  4 iguanas
  8 orc wizards
  A hell rat (Sewer)
  Robin (D:3)
  25 gnolls
  A river rat (Sewer)
  10 adders
  A shadow imp (D:6)
  A white imp (D:7)
  An ufetubus (D:4)
  A worm (D:2)
  4 dart slugs
  57 orcs
  6 ball pythons
  5 bats
  10 endoplasms
  4 giant cockroaches
  22 goblins
  11 hobgoblins
  8 jackals
  3 quokkas
  A frilled lizard (D:2)
  31 kobolds
  12 rats
  2 bushes (Lair:1)
369 creatures vanquished.

Vanquished Creatures (collateral kills)
  A yak (D:10)
  26 foxfires (D:11)
27 creatures vanquished.

Vanquished Creatures (others)
  An orc warrior (Bailey)
  2 howler monkeys (D:11)
  An orc wizard (D:8)
  An orc (Bailey)
  A goblin (D:8)
  1113 foxfires
  3 fungi (Lair:1)
  33 plants
1155 creatures vanquished.

Grand Total: 1551 creatures vanquished

Notes
Turn   | Place    | Note
-------+----------+-------------------------------------------
     0 | D:1      | funkygono the Demonspawn Fire Elementalist began the quest
                  | for the Orb.
     0 | D:1      | Reached XP level 1. HP: 13/13 MP: 3/3
   185 | D:1      | Gained mutation: You are partially covered in razor-sharp
                  | scales. (AC +1, Slay +1) [demonic ancestry]
   185 | D:1      | Reached XP level 2. HP: 19/19 MP: 3/5
   188 | D:1      | Learned a level 2 spell: Scorch
   297 | D:1      | Found a faded altar of an unknown god.
   822 | D:1      | Gained mutation: You regenerate magic rapidly. [demonic
                  | ancestry]
   822 | D:1      | Reached XP level 3. HP: 24/24 MP: 3/6
   826 | D:1      | Learned a level 3 spell: Kindle Blastsparks
  1482 | D:2      | Gained mutation: When hurt, damage is shared between your
                  | health and your magic reserves. [demonic ancestry]
  1482 | D:2      | Reached XP level 4. HP: 30/30 MP: 5/7
  1926 | D:3      | Reached skill level 3 in Spellcasting
  2071 | D:3      | Gained mutation: You may rarely emit foul miasma when
                  | damaged in melee. [demonic ancestry]
  2071 | D:3      | Reached XP level 5. HP: 36/36 MP: 5/9
  2446 | D:3      | Noticed Robin
  2488 | D:3      | Killed Robin
  2576 | D:3      | Learned a level 4 spell: Flame Wave
  2581 | D:4      | Reached skill level 1 in Fighting
  2602 | D:4      | Reached XP level 6. HP: 41/43 MP: 0/11
  2677 | D:4      | Reached skill level 4 in Spellcasting
  3160 | D:4      | Gained mutation: You sometimes emit foul miasma when
                  | damaged in melee. [demonic ancestry]
  3160 | D:4      | Reached XP level 7. HP: 48/48 MP: 2/13
  4134 | D:4      | Identified 3 scrolls of acquirement
  4134 | D:4      | Acquired the +1 pair of boots "Satov" {rC+ Will++}
  4141 | D:4      | Acquired 680 gold pieces
  4143 | D:4      | Acquired 719 gold pieces
  4208 | D:5      | Entered Level 5 of the Dungeon
  4214 | D:5      | Reached skill level 5 in Fire Magic
  4279 | D:5      | Found a glowing drain.
  4288 | Sewer    | Entered a sewer
  4356 | Sewer    | Reached skill level 5 in Spellcasting
  4377 | Sewer    | Identified the +6 falchion of the Hierophant {vamp, +Blink
                  | rElec rF+ Will-}
  4414 | D:5      | Found a hide-covered altar of Uskayaw.
  4492 | D:5      | Found an opulent altar of Gozag.
  4504 | D:5      | Found a broken altar of Ashenzari.
  4554 | D:5      | Noticed a two-headed ogre
  4562 | D:5      | Found a transporter.
  4568 | D:5      | Noticed Edmund
  4579 | D:5      | Killed Edmund
  4659 | D:5      | Noticed Sapher's ghost (amateur DgEE)
  4670 | D:5      | Found a transporter.
  4949 | D:5      | Noticed Pikel
  4976 | D:5      | Killed Pikel
  4977 | D:5      | Reached skill level 6 in Spellcasting
  4977 | D:5      | Gained mutation: You are mostly covered in razor-sharp
                  | scales. (AC +2, Slay +2) [demonic ancestry]
  4977 | D:5      | Reached XP level 8. HP: 45/54 MP: 1/17
  5077 | D:5      | Noticed Grinder
  5080 | D:5      | Killed Grinder
  5081 | D:5      | Reached skill level 1 in Long Blades
  5286 | D:6      | Reached skill level 7 in Spellcasting
  5320 | D:6      | Gained mutation: When low on magic, you restore magic in
                  | place of health. [demonic ancestry]
  5320 | D:6      | Reached XP level 9. HP: 61/61 MP: 15/19
  5394 | D:6      | Reached skill level 5 in Conjurations
  5421 | D:6      | Found a runed translucent door.
  5430 | D:6      | Noticed SlaveLabor's ghost (novice DrCj)
  5510 | D:6      | Found a snail-covered altar of Cheibriados.
  6091 | D:6      | Killed SlaveLabor's ghost
  6187 | D:7      | Found a stormy altar of Qazlal.
  6190 | D:7      | Found a blossoming altar of Fedhas.
  6190 | D:7      | Found a basalt altar of Yredelemnul.
  6244 | D:7      | Noticed a two-headed ogre
  6256 | D:7      | Killed a two-headed ogre
  6257 | D:7      | Reached skill level 8 in Spellcasting
  6311 | D:7      | Found Ryhez's Jewellery Emporium.
  6314 | D:7      | Bought a +6 ring of intelligence for 432 gold pieces
  6314 | D:7      | Bought a +4 ring of protection for 432 gold pieces
  6342 | D:7      | Found a staircase to the Ecumenical Temple.
  6362 | Temple   | Entered the Ecumenical Temple
  6510 | Temple   | Became a worshipper of Kikubaaqudgha
  6720 | D:7      | Reached XP level 10. HP: 65/67 MP: 18/22
  7304 | D:7      | Acquired 1013 gold pieces
  7333 | D:8      | Noticed Erica
  7342 | D:7      | Killed Erica
  7343 | D:7      | Reached skill level 9 in Spellcasting
  7381 | D:8      | Reached * piety under Kikubaaqudgha
  7381 | D:8      | Received a gift from Kikubaaqudgha
  7765 | D:8      | Noticed Maurice
  7793 | D:8      | Killed Maurice
  8144 | D:8      | Learned a level 1 spell: Kiss of Death
  8146 | D:8      | Learned a level 1 spell: Necrotise
  8490 | D:9      | Reached skill level 1 in Necromancy
  8490 | D:9      | Gained mutation: You have a pair of small antennae on your
                  | head. [demonic ancestry]
  8490 | D:9      | Reached XP level 11. HP: 44/54 MP: 12/24
  8699 | D:9      | Found a staircase to the Orcish Mines.
  8745 | D:9      | Found a shimmering blue altar of Sif Muna.
  8776 | D:9      | Noticed a two-headed ogre
  8784 | D:9      | Killed a two-headed ogre
  9038 | D:10     | Entered Level 10 of the Dungeon
  9043 | D:10     | Noticed a two-headed ogre
  9050 | D:10     | Killed a two-headed ogre
  9051 | D:10     | Reached skill level 10 in Spellcasting
  9071 | D:10     | HP: 3/74 [gargoyle/stone arrow (18)]
  9140 | D:10     | Noticed a two-headed ogre
  9157 | D:10     | Killed a two-headed ogre
  9308 | D:10     | Found an ornate altar of the Wu Jian Council.
  9394 | D:10     | Found a flagged portal.
  9441 | Bailey   | Entered a bailey
  9452 | Bailey   | Reached ** piety under Kikubaaqudgha
 10617 | D:10     | Reached skill level 11 in Spellcasting
 10734 | D:11     | Learned a level 2 spell: Searing Ray
 10754 | D:11     | Reached skill level 5 in Dodging
 10887 | D:11     | Noticed a two-headed ogre
 10894 | D:11     | Killed a two-headed ogre
 10913 | D:11     | Noticed a two-headed ogre
 10920 | D:11     | Killed a two-headed ogre
 10921 | D:11     | Gained mutation: You have a pair of antennae on your head.
                  | [demonic ancestry]
 10921 | D:11     | Reached XP level 12. HP: 69/81 MP: 19/27
 10973 | D:11     | Reached *** piety under Kikubaaqudgha
 10973 | D:11     | Received a gift from Kikubaaqudgha
 11009 | D:11     | Noticed a centaur warrior
 11045 | D:11     | Reached skill level 10 in Fire Magic
 11123 | D:11     | Found a staircase to the Lair.
 11257 | D:11     | Noticed a two-headed ogre
 11265 | D:11     | Killed a two-headed ogre
 11692 | D:11     | Learned a level 4 spell: Dispel Undead
 11786 | Lair:1   | Entered Level 1 of the Lair of Beasts
 11845 | Lair:1   | Reached skill level 12 in Spellcasting
 11892 | Lair:1   | Paralysed by a floating eye for 3 turns
 11994 | Lair:1   | HP: 2/81 [oklob plant/splash of acid (9)]
 12005 | Lair:1   | Demolished by a komodo dragon

Illustrated notes

Levels and vault maps discovered:
D:1:      ebering_trefoil_3fold, layout_basic,
          shapermc_ecumenical_altar_mp_vishouse, serial_aquarium,
          aquarium_bridge_square [aquarium_subvault_wall,
          aquarium_subvault_wall, aquarium_subvault_window,
          aquarium_subvault_bridge], aquarium_bridge_square
          [aquarium_subvault_bridge, aquarium_subvault_window,
          aquarium_subvault_bridge, aquarium_subvault_wall],
          aquarium_window_fake, aquarium_window_corridor_1, aquarium_view_2b,
          aquarium_view_2d, aquarium_balcony_5b, kennysheep_pointless_box
D:2:      layout_basic
D:3:      layout_rooms, nicolae_figureground_pulse, uniq_robin
D:4:      layout_layer_cave
D:5:      layout_basic, mainiacjoe_overflow_six_doors_small,
          mainiacjoe_overflow_catwalk, eat_drink_and_be_merry_uskayaw,
          portal_sewer_entry_d, gammafunk_ghost_arena, uniq_edmund,
          uniq_grinder, uniq_pikel
D:6:      layout_basic, old_standard_altar, ebering_ghost_sewer_d
D:7:      minmay_slanted_spiral_squares, layout_basic,
          grunt_temple_overflow_open, minmay_temple_entry_slanted, serial_shops,
          kennysheep_mini
D:8:      layout_loops_ring, abandoned_shop, chequers_serial_rivers_micro_d,
          uniq_erica, uniq_maurice
D:9:      layout_loops_cross, lemuel_tele_altar, david_orc_3
D:10:     layout_rooms, overflow_temple_1_default, enter_bailey_3
D:11:     layout_roguey, dpeg_oklobed_lair, hangedman_stone_soup,
          lightli_corner_chamber
Temple:   hellmonk_temple_forest_ring
Lair:1:   layout_roguey, disabler_island, uniq_prince_ribbit2

Skill      XL: |  1  2  3  4  5  6  7  8  9 10 11 12 |
---------------+-------------------------------------+-----
Dodging        | 2 3 4 5 |  5.4
Fire Magic     | 3 4 6 7 8 9 10 | 10.4
Spellcasting   | 3 4 6 7 8 9 11 12 | 12.1
Conjurations   | 2 3 4 5 7 8 |  8.1
Fighting       | 1 2 3 |  3.3
Long Blades    | 1 3 4 |  4.7
Necromancy     | 1 2 |  2.6
Maces & Flails | |  0.4
Stealth        | |  1.7

Action                   |  1- 3 |  4- 6 |  7- 9 | 10-12 || total
-------------------------+-------+-------+-------+-------++-------
Melee: Mace              |    13 |    11 |       |       ||    24
       Dagger            |       |     4 |     1 |       ||     5
       Falchion          |       |       |    65 |   100 ||   165
       Punch             |       |       |       |     5 ||     5
 Cast: Foxfire           |    65 |   116 |   123 |   334 ||   638
       Scorch            |     5 |    23 |    44 |    88 ||   160
       Kindle Blastspark |       |       |     2 |       ||     2
       Flame Wave        |       |       |     2 |    34 ||    36
       Necrotise         |       |       |       |    36 ||    36
       Kiss of Death     |       |       |       |     2 ||     2
       Searing Ray       |       |       |       |     2 ||     2
Invok: Unearth Wretches  |       |       |       |     2 ||     2
  Use: Scroll            |       |     7 |    13 |    15 ||    35
       Potion            |       |     1 |       |     2 ||     3
 Stab: Sleeping          |       |       |     1 |       ||     1
       Paralysed         |       |       |       |     1 ||     1
Armor: Robe              |     9 |     6 |    41 |   106 ||   162
Dodge: Dodged            |    31 |    28 |    80 |   164 ||   303

Table legend: (Time is in decaauts)
 A = Elapsed time spent in this place.
 B = Non-inter-level travel time spent in this place.
 C = Inter-level travel time spent in this place.
 D = Time resting spent in this place.
 E = Time spent auto-exploring this place.
 F = Levels seen in this place.
 G = Mean time per level.
                   A        B        C        D        E       F      G
               +--------+--------+--------+--------+--------+-----+--------+
         Total |  12097 |  11904 |    193 |    532 |   8570 |  15 |  806.5 |
       Dungeon |  10637 |  10454 |    183 |    428 |   7767 |  11 |  967.0 |
        Temple |    156 |    148 |      8 |      0 |    125 |   1 |  156.0 |
          Lair |    219 |    219 |      0 |     56 |     53 |   1 |  219.0 |
         Sewer |    111 |    111 |      0 |      0 |     71 |   1 |  111.0 |
        Bailey |    971 |    971 |      0 |     48 |    553 |   1 |  971.0 |
               +--------+--------+--------+--------+--------+-----+--------+

Top non-repeatable levels by time:
     D:4: 1568 daAuts
    D:11: 1078 daAuts
     D:3: 1054 daAuts
     D:7: 1041 daAuts
     D:6: 1040 daAuts
  Bailey: 971 daAuts
     D:1: 947 daAuts
     D:9: 888 daAuts
     D:5: 841 daAuts
     D:8: 791 daAuts
    D:10: 738 daAuts
     D:2: 647 daAuts
  Lair:1: 219 daAuts
  Temple: 156 daAuts
   Sewer: 111 daAuts
